 Dungeon Crawl Stone Soup version 0.26-a0-830-g2a559e7be2 (webtiles) character file.

Game seed: 3858343082469760670

12766 Riddle the Cleaver (level 12, -7/95 HPs)
             Began as a Formicid Delver on Nov 15, 2020.
             Was an Initiate of Uskayaw.
             Mangled by a reaper
             ... wielding a +2 scythe of distortion
              (20 damage)
             ... in a Gauntlet.
             The game lasted 00:45:15 (19469 turns).

Riddle the Cleaver (Formicid Delver)               Turns: 19469, Time: 00:45:15

Health: -7/95      AC: 11    Str: 21    XL:     12   Next: 24%
Magic:  7/16       EV: 12    Int: 11    God:    Uskayaw [......]
Gold:   580        SH: 13    Dex: 21    Spells: 11/11 levels left

rFire    . . .     SeeInvis +   D - +0 battleaxe
rCold    + . .     Faith    .   r - +0 buckler
rNeg     . . .     Spirit   .   t - +1 ring mail "Gaotrocw" {rPois Regen+}
rPois    +         Reflect  +   (helmet unavailable)
rElec    .         Harm     .   K - +0 cloak {rPois}
rCorr    .         Rampage  .   I - +1 pair of gloves {Dex+3}
MR       +....                  u - +0 pair of boots
Stlth    ++++......             A - amulet of reflection
HPRegen  0.65/turn              s - +6 ring of dexterity
MPRegen  0.15/turn              d - ring of protection from cold

@: no status effects
A: permanent stasis, dig shafts and tunnels, four strong arms, antennae 3
a: Dig, Shaft Self, Renounce Religion


You were in a Gauntlet.
You worshipped Uskayaw.
Uskayaw was noncommittal.
You visited 2 branches of the dungeon, and saw 13 of its levels.
You also visited: Gauntlet.

You collected 734 gold pieces.
You spent 154 gold pieces at shops.

Inventory:

Hand Weapons
 a - a +3 hand axe
 b - a +2 scimitar of flaming
 D - a +0 battleaxe (weapon)
Missiles
 i - 75 poisoned darts (quivered)
Armour
 r - a +0 buckler (worn)
 t - the +1 ring mail "Gaotrocw" (worn) {rPois Regen+}
   (You found it on level 3 of the Dungeon)

   It protects you from poison.
   It increases your rate of regeneration.
 u - a +0 pair of boots (worn)
 I - a +1 pair of gloves of dexterity (worn)
 K - a +0 cloak of poison resistance (worn)
Jewellery
 d - a ring of protection from cold (right hand)
 s - a +6 ring of dexterity (left hand)
 A - an amulet of reflection (around neck)
 L - the ring "Muluupu" {rPois rF- Slay+4 SInv Stlth+, unknown}
   (You found it in a Gauntlet)

   [ring of poison resistance]

   It affects your accuracy and damage with ranged weapons and melee attacks
   (+4).
   It makes you vulnerable to fire.
   It protects you from poison.
   It lets you see invisible.
   It makes you more stealthy.
Wands
 f - a wand of digging (8)
 j - a wand of polymorph (7)
 q - a wand of flame (18)
 w - a wand of disintegration (7)
Scrolls
 c - 2 scrolls of fog
 k - 6 scrolls of enchant weapon
 l - 4 scrolls of remove curse
 v - 2 scrolls of immolation {unknown}
 y - a scroll of noise {unknown}
 z - 2 scrolls of amnesia {unknown}
 C - a scroll of acquirement {unknown}
 E - 2 scrolls of vulnerability {unknown}
 F - 2 scrolls of blinking {unknown}
Potions
 g - a potion of mutation {unknown}
 h - 4 potions of curing
 m - 2 potions of attraction {unknown}
 n - a potion of resistance {unknown}
 o - 2 potions of degeneration {unknown}
 p - a potion of invisibility {unknown}
 x - a potion of haste {unknown}
 B - a potion of cancellation {unknown}
 G - a potion of might {unknown}
 H - a potion of brilliance {unknown}
Miscellaneous
 J - a phantom mirror (inert)


   Skills:
 + Level 9.0 Fighting
 * Level 11.1 Axes
 - Level 5.0 Armour
 - Level 2.0 Dodging
 - Level 10.3 Stealth
 * Level 11.0 Shields
 + Level 6.0 Invocations


You had 11 spell levels left.
You didn't know any spells.
Your spell library contained the following spells:

 Spells                   Type           Power        Failure   Level
 Beastly Appendage        Tmut           #.....       50%         1
 Wereblood                Tmut           #.......     63%         2
 Confusing Touch          Hex            #.......     86%         3
 Gell's Gravitas          Tloc           #.........   86%         3
 Spider Form              Tmut/Pois      #.........   86%         3
 Ice Form                 Ice/Tmut       #.......     99%         4
 Petrify                  Tmut/Erth      #.......     99%         4
 Blade Hands              Tmut           #.........   100%        5
 Metabolic Englaciation   Hex/Ice        #.........   100%        5
 Yara's Violent Unravell  Hex/Tmut       #.........   100%        5


Dungeon Overview and Level Annotations

Branches:
Dungeon (12/15)            Temple (1/1) D:7            Lair (0/6) D:11
Gauntlet (1/1)
    Orc: D:9-12

Altars:
Ashenzari
Cheibriados
Dithmenos
Elyvilon
Fedhas
Gozag
Hepliaklqana
Kikubaaqudgha
Makhleb
Nemelex Xobeh
Okawaru
Qazlal
Ru
Sif Muna
Trog
Uskayaw
Vehumet
Wu Jian
Xom
Yredelemnul
Zin
The Shining One
Beogh

Shops:
D:4 !   D:8 [

Annotations:
D:3 Riddle's ghost, amateur DsCK
D:4 exclusion: downstairs
D:7 3 runed translucent doors, exclusion: 3 doors, Necrophagist's ghost, novice FoBe
D:8 2 exclusions Gauntlet 8 transporters, exclusion: lightning spire


Innate Abilities, Weirdness & Mutations

You cannot be hasted, slowed, berserked, paralysed or teleported.
You can dig through walls and to a lower floor.
Your four strong arms can wield two-handed weapons with a shield.
You have a pair of large antennae on your head. (SInv)


Message History

You stomp with the beat, sending a shockwave through the revellers around you!
The reaper is severely wounded.
You can no longer stomp with the beat.
You can now stomp with the beat.
You stomp with the beat, sending a shockwave through the revellers around you!
The reaper is almost dead.
You can no longer stomp with the beat.
You block the reaper's attack.
Okay, then.
You are too injured to fight recklessly!
You closely miss the reaper.
The reaper is almost dead.
The reaper shouts, "Death awaits you!"
The reaper hits you with a +2 scythe of distortion.
Space bends around you.
You hit the reaper but do no damage.
The reaper is almost dead.
The reaper hits you with a +2 scythe of distortion!!
* * * LOW HITPOINT WARNING * * *
Space warps horribly around you!!
You die...

###.©##©#..P..#.♣.##.
#.##..###..P♣.#......
#..##..##.....#.©.##.
#.......#.....#...#
#########.....#.©.##.
...........∩..#......
#########.....#.©.##.
#.....ZZ#.....#...#
#.#.###)#...P.#.@.##.
#...###.#..P♣.#2.....#
#..©###©#.....#.♣.##.#
#.##...[#.♣..##...# ..
#.##...)#.P.###.♣.# #
#....ZZZ#...≈##...#
#########...≈≈#####
#.........♣.≈##
#########...##


You could see a reaper.

Vanquished Creatures
  A hydra (D:11)
  Erica (D:8)
  A two-headed ogre (D:10)
  Sonja (D:11)
  An unseen horror (D:9)
  An ugly thing (D:11)
  A shadow (D:10)
  2 wyverns
  3 yaks (D:10)
  2 fire bats (Gauntlet)
  2 acid dragons (D:12)
  2 water moccasins
  A soldier ant (D:11)
  8 orc warriors
  4 sky beasts
  4 ice beasts
  2 eyes of draining (D:11)
  3 phantoms
  3 ogres
  14 centaurs
  A big kobold (D:11)
  4 bullfrogs
  2 gnoll sergeants
  A water moccasin zombie (D:10)
  A scorpion (D:4)
  12 killer bees
  13 wights
  2 howler monkeys (D:8)
  5 quasits
  3 hounds
  3 bullfrog zombies
  5 jellies
  11 orc priests
  A centaur skeleton (D:7)
  2 gnoll shamans
  30 orc wizards
  Ijyb (D:4)
  13 worker ants
  A killer bee zombie (D:7)
  A hound zombie (D:6)
  A hound skeleton (D:4)
  A howler monkey zombie (D:7)
  A worker ant zombie (D:11)
  22 gnolls
  16 adders
  2 shadow imps (D:5)
  2 white imps (D:6)
  2 ufetubi
  2 oozes
  An adder zombie (D:7)
  2 adder skeletons (D:8)
  5 worms
  4 dart slugs
  9 leopard geckos
  102 orcs
  8 giant cockroaches
  8 goblins
  9 hobgoblins
  8 jackals
  7 quokkas
  2 ball pythons (D:1)
  6 bats
  6 frilled lizards
  13 kobolds
  A leopard gecko skeleton (D:4)
  4 rats (D:1)
413 creatures vanquished.

Vanquished Creatures (others)
  4 plants
4 creatures vanquished.

Grand Total: 417 creatures vanquished

Notes
Turn   | Place    | Note
-------+----------+-------------------------------------------
     0 | D:5      | Riddle the Formicid Delver began the quest for the Orb.
     0 | D:5      | Reached XP level 1. HP: 18/18 MP: 1/1
   260 | D:5      | Noticed a centaur
   260 | D:5      | Noticed a jelly
   297 | D:4      | Noticed a hound
   323 | D:4      | Noticed Ijyb
   582 | D:4      | Reached XP level 2. HP: 22/24 MP: 2/2
   790 | D:4      | Found Nugufud's Distillery.
   792 | D:4      | Reached XP level 3. HP: 29/29 MP: 3/3
   797 | D:4      | Bought a potion of curing for 33 gold pieces
  1544 | D:3      | Found a transporter.
  1546 | D:3      | Noticed Riddle's ghost (amateur DsCK)
  2190 | D:1      | Reached XP level 4. HP: 34/35 MP: 4/4
  2237 | D:1      | Reached skill level 1 in Armour
  2961 | D:2      | Found a burning altar of Makhleb.
  3207 | D:2      | Reached XP level 5. HP: 27/41 MP: 5/5
  3480 | D:2      | Found a basalt altar of Yredelemnul.
  3698 | D:2      | Found a white marble altar of Elyvilon.
  3985 | D:2      | Found a glowing golden altar of the Shining One.
  3994 | D:2      | Found a stormy altar of Qazlal.
  4634 | D:3      | Found a transporter.
  5615 | D:3      | Reached XP level 6. HP: 48/48 MP: 6/6
  5623 | D:3      | Found a shimmering altar of Xom.
  6154 | D:4      | Bought a potion of heal wounds for 55 gold pieces
  6154 | D:4      | Bought a potion of curing for 33 gold pieces
  6154 | D:4      | Bought a potion of curing for 33 gold pieces
  6265 | D:4      | Noticed a sky beast
  6307 | D:5      | Found a hazy altar of Hepliaklqana.
  6307 | D:5      | Noticed an ogre
  6307 | D:5      | Noticed a phantom
  6403 | D:4      | Found an ornate altar of the Wu Jian Council.
  7781 | D:4      | Reached XP level 7. HP: 40/55 MP: 7/7
  8094 | D:5      | Reached skill level 5 in Axes
  8786 | D:5      | Reached skill level 5 in Fighting
  8921 | D:5      | Reached XP level 8. HP: 53/62 MP: 8/8
  9423 | D:5      | Reached skill level 1 in Shields
 10603 | D:3      | Got a scorched ring mail
 10634 | D:3      | Reached XP level 9. HP: 59/69 MP: 9/9
 10688 | D:3      | Identified the +1 ring mail "Gaotrocw" {rPois Regen+} (You
                  | found it on level 3 of the Dungeon)
 10750 | D:4      | Killed Ijyb
 10985 | D:6      | Found a hazy altar of Hepliaklqana.
 10985 | D:6      | Found a sparkling altar of Nemelex Xobeh.
 11723 | D:6      | You fall into a shaft and drop 2 floors!
 12028 | D:8      | Found Wol Lewk's Armour Shop.
 12068 | D:8      | Reached skill level 5 in Shields
 12091 | D:8      | Found an ancient bone altar of Kikubaaqudgha.
 12091 | D:8      | Noticed a hell beast
 12092 | D:8      | Noticed a rust devil
 12433 | D:7      | Found an opulent altar of Gozag.
 12656 | D:7      | Reached XP level 10. HP: 77/77 MP: 10/10
 12688 | D:7      | Reached skill level 10 in Stealth
 12735 | D:7      | Found a staircase to the Ecumenical Temple.
 12874 | Temple   | Entered the Ecumenical Temple
 12884 | Temple   | Became a worshipper of Uskayaw the Reveller
 13179 | D:7      | Found a blossoming altar of Fedhas.
 13216 | D:7      | Found a runed translucent gate.
 13217 | D:7      | Found a runed translucent gate.
 13217 | D:7      | Noticed Necrophagist's ghost (novice FoBe)
 13218 | D:7      | Found a runed translucent gate.
 13221 | D:7      | Identified the +3 mace of Subterfuge {flame, rF+ rN+}
 13221 | D:7      | Identified the +1 plate armour of the Game Afoot {Stlth+}
 13223 | D:7      | Found a roughly hewn altar of Beogh.
 13281 | D:7      | Reached * piety under Uskayaw
 13352 | D:7      | Reached ** piety under Uskayaw
 13569 | D:8      | Noticed Erica
 13665 | D:8      | Reached *** piety under Uskayaw
 13678 | D:8      | Reached **** piety under Uskayaw
 14007 | D:8      | Killed Erica
 14007 | D:8      | Reached ***** piety under Uskayaw
 14008 | D:8      | Reached skill level 5 in Armour
 14074 | D:8      | Noticed a two-headed ogre
 14677 | D:6      | Found an iron altar of Okawaru.
 15614 | D:9      | Reached XP level 11. HP: 84/84 MP: 13/13
 15641 | D:9      | Found a sacrificial altar of Ru.
 15877 | D:9      | Noticed an unseen horror
 15904 | D:9      | Killed an unseen horror
 16189 | D:10     | Entered Level 10 of the Dungeon
 16231 | D:10     | Reached ****** piety under Uskayaw
 16426 | D:10     | Reached skill level 10 in Axes
 16778 | D:10     | Found a bloodstained altar of Trog.
 16778 | D:10     | Noticed a two-headed ogre
 16802 | D:10     | Killed a two-headed ogre
 17242 | D:11     | Reached skill level 10 in Shields
 17301 | D:11     | Reached skill level 5 in Invocations
 17305 | D:11     | Got a crude hand crossbow
 17308 | D:11     | Identified the +4 hand crossbow "Ox" {vorpal, Fragile MR+
                  | Dex+4 SInv} (You found it on level 11 of the Dungeon)
 17432 | D:11     | Noticed Sonja
 17491 | D:11     | Noticed a green ugly thing
 17514 | D:11     | Killed a green ugly thing
 17629 | D:11     | Noticed a six-headed hydra
 18095 | D:11     | Killed a one-headed hydra
 18096 | D:11     | Reached XP level 12. HP: 21/94 MP: 16/16
 18577 | D:11     | Found a staircase to the Lair.
 18613 | D:11     | Killed Sonja
 18794 | D:12     | Found a gate leading to a gauntlet.
 18900 | Gauntlet | Entered a Gauntlet
 18900 | Gauntlet | Found a transporter.
 18903 | Gauntlet | Noticed a catoblepas
 18943 | Gauntlet | Found a transporter.
 18945 | Gauntlet | Found a transporter.
 18948 | Gauntlet | Noticed a fire crab
 18954 | Gauntlet | Found a transporter.
 18956 | Gauntlet | Found a transporter.
 18963 | Gauntlet | Noticed a reaper
 18965 | Gauntlet | Found a transporter.
 18981 | Gauntlet | Found a transporter.
 18991 | Gauntlet | Found a transporter.
 19001 | Gauntlet | Found a transporter.
 19015 | Gauntlet | Found a transporter.
 19030 | Gauntlet | Found a transporter.
 19030 | Gauntlet | Found a transporter.
 19075 | Gauntlet | Found a transporter.
 19089 | Gauntlet | Found a transporter.
 19456 | Gauntlet | Got a crude ivory ring
 19469 | Gauntlet | Mangled by a reaper

Illustrated notes

Levels and vault maps discovered:
D:1:      mushboom_english_gardens, layout_loops_ring
D:2:      layout_basic, kennysheep_ying_yang, grunt_qazlal_sundering,
          lemuel_coloured_pillars_altar, lemuel_crystal_altar,
          serial_bayou_pond_a, grunt_decor_one_mirror
D:3:      layout_basic, general_overflow_altar, gammafunk_ghost_stat_death
D:4:      minmay_octagon_keep, layout_loops_ring, overflow_temple_1_default,
          serial_shops, shop, uniq_ijyb
D:5:      layout_basic, basic_altar
D:6:      layout_loops_ring, nicolae_overflow_hidden_temple,
          gammafunk_temple_overflow_elements, serial_bayou_pond_d
D:7:      layout_rooms, kennysheep_mini_moat, old_standard_altar, temple_pool_b,
          biasface_ghost_orc_armoury, minmay_increasing_density
D:8:      layout_basic, special_room [special_room_orc], serial_shops, shop,
          lemuel_hellish_altar, uniq_erica
D:9:      layout_loops_ring, lemuel_doored_altar
D:10:     layout_roguey, basic_altar
D:11:     layout_basic, lair_entry_dummy, uniq_sonja
D:12:     layout_rooms, hiddenorc2_lemuel, gauntlet_entry_generic
Temple:   jpeg_temple_island
Gauntlet: minmay_gauntlet_77_tree [minmay_gauntlet_arena_77_hold_the_fort,
          minmay_gauntlet_arena_77_double_cross,
          minmay_gauntlet_arena_77_braids, minmay_gauntlet_arena_77_fan,
          minmay_gauntlet_arena_77_two_lines,
          minmay_gauntlet_arena_77_block_sizes,
          minmay_gauntlet_arena_77_terracotta_army, gauntlet_exit_hidden_loot]

Skill      XL: |  1  2  3  4  5  6  7  8  9 10 11 12 |
---------------+-------------------------------------+-----
Armour         | 1 2 4 5 |  5.0
Stealth        | 7 8 9 10 | 10.3
Dodging        | 2 |  2.0
Axes           | 3 4 5 6 8 9 10 11 | 11.1
Fighting       | 4 5 6 7 8 9 |  9.0
Shields        | 3 5 8 10 11 | 11.0
Invocations    | 3 5 6 |  6.0

Action                   |  1- 3 |  4- 6 |  7- 9 | 10-12 || total
-------------------------+-------+-------+-------+-------++-------
Melee: Hand axe          |   106 |   336 |   533 |   814 ||  1789
       Scimitar          |       |       |       |    10 ||    10
       Battleaxe         |       |       |       |    34 ||    34
Invok: Stomp             |       |       |       |    12 ||    12
       Line Pass         |       |       |       |     3 ||     3
 Abil: Dig               |    13 |     6 |    17 |     9 ||    45
Evoke: Wand              |       |       |     1 |     3 ||     4
       Phantom mirror    |       |       |       |     1 ||     1
  Use: Potion            |       |     6 |       |     1 ||     7
       Scroll            |       |     3 |     1 |     5 ||     9
 Stab: Sleeping          |     7 |    17 |     6 |    23 ||    53
       Distracted        |     1 |       |       |     5 ||     6
       Paralysed         |       |       |       |    58 ||    58
       Confused          |       |       |       |     1 ||     1
Armor: Leather armour    |    33 |    46 |       |       ||    79
       Ring mail         |       |     6 |   166 |   167 ||   339
Dodge: Dodged            |    65 |   177 |   251 |   293 ||   786
Block: Buckler           |       |       |    87 |   371 ||   458
       Reflection        |       |       |       |    16 ||    16

Table legend: (Time is in decaauts)
 A = Elapsed time spent in this place.
 B = Non-inter-level travel time spent in this place.
 C = Inter-level travel time spent in this place.
 D = Time resting spent in this place.
 E = Time spent auto-exploring this place.
 F = Levels seen in this place.
 G = Mean time per level.
                   A        B        C        D        E       F      G
               +--------+--------+--------+--------+--------+-----+--------+
         Total |  19513 |  18645 |    868 |   4818 |   7532 |  14 | 1393.8 |
       Dungeon |  18680 |  17816 |    864 |   4672 |   7073 |  12 | 1556.7 |
        Temple |    261 |    257 |      4 |      0 |    239 |   1 |  261.0 |
      Gauntlet |    571 |    571 |      0 |    146 |    219 |   1 |  571.0 |
               +--------+--------+--------+--------+--------+-----+--------+

Top non-repeatable levels by time:
     D:4: 3015 daAuts
     D:5: 2829 daAuts
     D:3: 2447 daAuts
     D:2: 1697 daAuts
     D:7: 1540 daAuts
     D:8: 1536 daAuts
    D:11: 1355 daAuts
     D:1: 1167 daAuts
    D:10: 1024 daAuts
     D:6: 982 daAuts
     D:9: 899 daAuts
Gauntlet: 571 daAuts
  Temple: 261 daAuts
    D:12: 186 daAuts
